 Dungeon Crawl Stone Soup version 0.16-a0-2179-gb75b79b (webtiles) character file.

23 wvc the Cudgeler (level 2, -2/17 HPs)
             Began as a Gargoyle Warper on Nov 14, 2014.
             Slain by a scorpion (4 damage)
             ... on level 1 of the Dungeon.
             The game lasted 00:01:31 (880 turns).

wvc the Cudgeler (Gargoyle Warper)                   Turns: 880, Time: 00:01:31

Health: -2/17      AC:  6    Str: 14    XL:     2   Next: 95%
Magic:  4/4        EV: 11    Int: 13    God:
Gold:   25         SH:  0    Dex:  9    Spells: 1 memorised, 4 levels left

rFire  . . .     SeeInvis .     a - +0 mace
rCold  . . .     Clarity  .     b - +0 leather armour
rNeg   + . .     SustAb   .     (no shield)
rPois  +         Gourm    .     (no helmet)
rElec  +         Spirit   .     (no cloak)
rCorr  .         Warding  .     (no gloves)
rMut   .         Stasis   .     (no boots)
MR     .....                    (no amulet)
Stlth  +.........               (no ring)
                                (no ring)

@: not resistant to hostile enchantments, very unstealthy
A: negative energy resistance 1, electricity resistance, unbreathing,
petrification resistance, rot immunity, AC +2
a: no special abilities


You were on level 1 of the Dungeon.
You were not hungry.

You visited 1 branch of the dungeon, and saw 1 of its levels.

You collected 25 gold pieces.

Inventory:

Hand weapons
 a - a +0 mace (weapon)
Missiles
 e - 2 tomahawks of dispersal (quivered)
Armour
 b - a +0 leather armour (worn)
Scrolls
 d - a scroll of blinking
 h - 3 scrolls of identify {unknown}
 i - 2 scrolls of remove curse {unknown}
 k - a scroll of teleportation {unknown}
Potions
 g - a potion of might {unknown}
 j - a potion of mutation {unknown}
 l - 2 potions of invisibility {unknown}
Books
 c - a book of Spatial Translocations

   Spells                             Type                      Level
   *Apportation                       Translocation                1
   Blink                              Translocation                2
   Shroud of Golubria                 Charms/Translocation         2
   Portal Projectile                  Translocation                3
   Teleport Other                     Translocation                3
   Passage of Golubria                Translocation                4
Comestibles
 f - a bread ration


   Skills:
 - Level 2.1 Fighting
 * Level 2.7 Maces & Flails
 - Level 1.0 Throwing
 + Level 1.5 Armour
 - Level 2.0 Dodging
 - Level 2.0 Spellcasting
 - Level 2.6 Translocations


You had 4 spell levels left.
You knew the following spells:

 Your Spells              Type           Power        Failure   Level  Hunger
a - Apportation           Tloc           #.........   10%         1    ##.....


Dungeon Overview and Level Annotations

Branches:
Dungeon (1/15)

Altars:


Innate Abilities, Weirdness & Mutations

You are resistant to torment.
You are immune to poison.
Your stone body is very resilient (AC +2).
You resist negative energy.
You are resistant to electric shocks.
You can survive without breathing.
You are immune to petrification.
You are immune to rotting.


Message History

Throwing (i - inventory):
e - 5 tomahawks of dispersal (quivered)
Press: ? - help, Shift-Dir - straight line, f - scorpion
Aim: a scorpion You throw a tomahawk of dispersal.
The tomahawk of dispersal closely misses the scorpion.
The scorpion closely misses you.
Throwing (i - inventory):
e - 4 tomahawks of dispersal (quivered)
Press: ? - help, Shift-Dir - straight line, f/p - scorpion
Aim: a scorpion You throw a tomahawk of dispersal.
The tomahawk of dispersal hits the scorpion but does no damage.
The scorpion stings you.
* * * LOW HITPOINT WARNING * * *
Throwing (i - inventory):
e - 3 tomahawks of dispersal (quivered)
Press: ? - help, Shift-Dir - straight line, f/p - scorpion
Aim: a scorpion You throw a tomahawk of dispersal.
The tomahawk of dispersal closely misses the scorpion.
The scorpion stings you.
You die...

...........# #.....#.#.....≈≈≈≈≈.
...........# #.....#.#[...≈≈§§≈§≈
...........# #.....#.#<...≈≈$§$§§
############ #.....#.#....≈≈§≈§§§
.######## #.....#.#.....≈≈≈§§.
........# #.....#.##.......§..
........######.....+..###########
................÷..##............
................@s......#.###..#.
#######............####.#...##.#.
#.......###### #...#.#....
#.......# ###.#.#...#
#######.......# #.#.#.#.#
..............# #####+#'#+#..
..............# #.##.......#.
..............# ###.##.......#.
..............# #............#.


You could see a scorpion.

Vanquished Creatures
  2 giant geckos (D:1)
  4 giant cockroaches (D:1)
  2 hobgoblins (D:1)
  3 jackals (D:1)
  2 kobolds (D:1)
  A bat (D:1)
  A giant newt (D:1)
  7 rats (D:1)
22 creatures vanquished.

Notes
Turn   | Place    | Note
--------------------------------------------------------------
     0 | D:1      | wvc, the Gargoyle Warper, began the quest for the Orb.
     0 | D:1      | Reached XP level 1. HP: 12/12 MP: 3/3
    98 | D:1      | Reached XP level 2. HP: 4/17 MP: 4/4
   868 | D:1      | Noticed a scorpion
   880 | D:1      | Slain by a scorpion

Action                   || total
-------------------------++-------
Melee: Mace              ||    78
Throw: Tomahawk          ||     3
